AoeStats
← 你好

Arena

509888008Analyzed
4v4 RM · 4d ago on Sep 28, 2026· 51m 29s· 8 players
Game mode
Random Map
Map size
Large (8 player)
Population
200
Speed
Normal
Resources
Standard
Victory
Conquest
Starting age
Dark Age
Ending age
Imperial Age
RankedLock teamsTeams togetherTeam positionsShared explorationLock speedFull tech treeHidden civsTurbo modeCheats
Victory
Defeat
🇻🇳 Burgundians · Vietnam
1348
+11
🇨🇳 Bohemians · China
1316
+12
🇨🇳 Mongols · China
1301
+13
🇨🇳 Huns · China
1195
+17
🇩🇪 Franks · Germany
1260
-14
🇩🇿 Saracens · Algeria
1259
-14
1237
-14
🇵🇱 Danes · Poland
1167
-11
[Tav]AirShogun
11:47 Feudal Age
16:10 Castle Age
15:06 Double-Bit Axe
17:46 Bow Saw
24:06 Wheelbarrow
26:21 Hand Cart
29:29 Imperial Age
27:11 Scale Barding Armor
27:17 Forging
28:29 Chain Barding Armor
28:25 Husbandry
29:52 Iron Casting
29:30 Cavalier
30:58 Conscription
31:04 Conscription
31:50 Plate Barding Armor
32:41 Blast Furnace
31:20 Paladin
34:25 Padded Archer Armor
34:16 Fletching
35:54 Leather Archer Armor
35:35 Bodkin Arrow
35:20 Elite Skirmisher
35:35 Light Cavalry
39:40 Chemistry
39:05 Ballistics
38:42 Loom
38:43 Town Watch
43:20 Fortified Wall
44:20 Scale Mail Armor
45:04 Gold Mining
Pitry2012
11:01 Feudal Age
14:36 Castle Age
12:37 Double-Bit Axe
12:38 Horse Collar
16:07 Bow Saw
19:05 Town Watch
19:58 Wheelbarrow
19:59 Heavy Plow
21:48 Stone Mining
22:40 Loom
23:27 Gold Mining
24:20 Hand Cart
25:24 Fletching
26:25 Gold Shaft Mining
29:46 Imperial Age
28:04 Bodkin Arrow
29:55 Stone Shaft Mining
29:56 Scale Mail Armor
31:16 Chain Mail Armor
31:48 Bracer
32:10 Ballistics
31:53 Elite Jomsviking
32:54 Conscription
34:35 Plate Mail Armor
34:15 Forging
33:53 Northmen's Fury
34:03 Onager
35:43 Siege Engineers
35:25 Elite Varangian Guard
35:35 Siege Onager
36:53 Squires
36:39 Gambesons
36:40 Arson
39:06 Iron Casting
38:56 Northmen's Fury
39:57 Capped Ram
42:14 Siege Ram
47:40 Pikeman
49:31 Blast Furnace
HDm
10:27 Feudal Age
9:12 Loom
12:24 Double-Bit Axe
14:47 Castle Age
12:38 Horse Collar
14:15 Wheelbarrow
16:19 Bow Saw
23:04 Heavy Plow
24:21 Gold Mining
25:58 Stone Mining
30:09 Imperial Age
27:30 Loom
29:16 Bloodlines
29:07 Husbandry
29:23 Scale Barding Armor
31:20 Conscription
31:07 Heavy Camel Rider
33:59 Chemistry
33:33 Chain Barding Armor
33:26 Forging
33:17 Padded Archer Armor
34:23 Ballistics
35:19 Plate Barding Armor
35:21 Iron Casting
35:02 Leather Archer Armor
39:00 Blast Furnace
37:52 Fletching
38:02 Scale Mail Armor
37:41 Capped Ram
40:31 Siege Ram
44:34 Chain Mail Armor
44:51 Ring Archer Armor
44:17 Bodkin Arrow
45:42 Hand Cart
45:13 Town Watch
45:59 Plate Mail Armor
伐伐伐伐伐木工
10:34 Feudal Age
12:37 Loom
15:58 Castle Age
14:42 Double-Bit Axe
17:35 Horse Collar
21:02 Pikeman
22:13 Squires
21:58 Arson
27:01 Town Watch
36:53 Wheelbarrow
42:02 Heavy Plow
43:41 Elite Skirmisher
46:20 Hand Cart
46:25 Bow Saw
46:31 Fletching
46:42 Padded Archer Armor
47:43 Fortified Wall
48:24 Leather Archer Armor
48:44 Masonry
48:56 Ballistics
48:50 Masonry
50:43 Bodkin Arrow
你好
9:50 Feudal Age
11:04 Double-Bit Axe
11:30 Horse Collar
14:01 Castle Age
15:00 Bow Saw
18:54 Wheelbarrow
20:00 Loom
20:23 Stone Mining
22:50 Stone Shaft Mining
23:22 Loom
27:42 Imperial Age
25:36 Heavy Plow
26:18 Hand Cart
26:53 Fletching
27:36 Bodkin Arrow
28:10 Ballistics
28:43 Bracer
29:51 Chemistry
28:57 Gold Mining
29:56 Padded Archer Armor
31:15 Leather Archer Armor
32:17 Bloodlines
32:32 Masonry
33:12 Murder Holes
33:23 Siege Engineers
33:23 Elite Mangudai
34:23 Conscription
34:21 Husbandry
34:27 Thumb Ring
35:01 Parthian Tactics
35:30 Gold Shaft Mining
35:23 Caravan
35:54 Coinage
36:13 Town Watch
36:53 Fortified Wall
37:47 Banking
38:06 Drill
38:21 Hoardings
38:46 Hoardings
40:28 Light Cavalry
41:21 Scale Barding Armor
41:27 Forging
40:55 Capped Ram
42:17 Hussar
44:12 Chain Barding Armor
44:27 Iron Casting
43:30 Siege Ram
47:29 Blast Furnace
我要压力你了
10:28 Feudal Age
14:39 Castle Age
12:31 Double-Bit Axe
12:45 Horse Collar
16:27 Bow Saw
18:49 Fervor
22:33 Wheelbarrow
28:41 Imperial Age
27:53 Chemistry
26:24 Pikeman
27:14 Scale Mail Armor
27:29 Heavy Plow
27:54 Squires
28:07 Forging
28:20 Loom
28:53 Hand Cart
29:02 Fletching
29:28 Chain Mail Armor
29:19 Town Watch
29:07 Halberdier
31:19 Conscription
34:15 Arson
35:18 Plate Mail Armor
35:23 Iron Casting
34:57 Siege Engineers
39:24 Wagenburg Tactics
40:29 Padded Archer Armor
43:58 Leather Archer Armor
47:03 Elite Skirmisher
Melodies of Life
3:28 Double-Bit Axe
4:10 Loom
11:09 Feudal Age
10:27 Horse Collar
14:01 Bow Saw
15:51 Castle Age
14:13 Heavy Plow
18:00 Two-Man Saw
18:20 Crop Rotation
19:44 Gold Mining
26:46 Gold Shaft Mining
26:02 Stone Mining
27:40 Wheelbarrow
27:57 Scale Mail Armor
30:06 Hand Cart
29:40 Town Watch
33:02 Imperial Age
31:15 Stone Shaft Mining
30:33 Fletching
31:31 Bodkin Arrow
33:34 Squires
33:20 Arson
33:53 Chain Mail Armor
34:14 Conscription
35:15 Chemistry
35:09 Treadmill Crane
35:41 Masonry
36:20 Bracer
37:20 Ballistics
37:51 Pikeman
40:07 Padded Archer Armor
40:30 Bombard Tower
40:41 Architecture
40:46 Halberdier
44:35 Plate Mail Armor
44:13 Murder Holes
44:36 Fortified Wall
45:56 Burgundian Vineyards
47:08 Caravan
47:20 Guilds
47:41 Coinage
48:26 Forging
48:32 Leather Archer Armor
48:25 Flemish Revolution
50:14 Iron Casting
1361331795
0:34 Loom
10:20 Feudal Age
14:58 Castle Age
12:47 Horse Collar
14:07 Double-Bit Axe
21:38 Loom
25:48 Bow Saw
25:37 Gold Mining
27:22 Wheelbarrow
27:28 Forging
27:24 Scale Barding Armor
28:44 Gold Shaft Mining
28:56 Hand Cart
29:18 Husbandry
29:28 Bloodlines
30:02 Heavy Plow
33:08 Imperial Age
31:52 Marauders
33:24 Iron Casting
33:09 Chain Barding Armor
33:23 Elite Tarkan
34:40 Conscription
37:50 Blast Furnace
39:32 Scale Mail Armor
39:37 Squires
38:58 Pikeman
40:13 Halberdier
47:50 Two-Man Saw
Connection lost

Rejoining the realm…

Still unreachable

The connection could not be restored.

Session expired

The server has moved on; the page needs a fresh start.